 Dungeon Crawl Stone Soup version 0.22-a0-274-gf8199ec (webtiles) character file.

57 Arum the Fighter (level 4, 0/67 HPs)
             Began as a Gnoll Wanderer on Mar 13, 2018.
             Succumbed to a scorpion's poison
             ... on level 2 of the Dungeon.
             The game lasted 00:06:27 (1518 turns).

Arum the Fighter (Gnoll Wanderer)                   Turns: 1518, Time: 00:06:28

Health: 0/67       AC: 22    Str: 17    XL:     4   Next: 0%
Magic:  5/5        EV:  2    Int: 13    God:
Gold:   21         SH:  0    Dex: 14    Spells: 5/5 levels left

rFire    . . .     SeeInvis .   a - +2 shortbow
rCold    . . .     Gourm    .   (shield currently unavailable)
rNeg     + + +     Faith    .   (armour currently unavailable)
rPois    +         Spirit   .   (helmet currently unavailable)
rElec    .         Reflect  .   (cloak currently unavailable)
rCorr    .         Harm     .   (gloves currently unavailable)
MR       .....     NoTele   +   (boots currently unavailable)
Stlth    ++........             (no amulet)
HPRegen  0.21/turn              (no ring)
MPRegen  0.09/turn              (no ring)

@: lethally poisoned (0 -> -11), tree-form
A: distributed training, strong nose
a: no special abilities


You were on level 2 of the Dungeon.
You were not hungry.
You were a tree.
You visited 1 branch of the dungeon, and saw 2 of its levels.

You collected 21 gold pieces.

Inventory:

Hand Weapons
 a - a +2 shortbow (weapon)
 c - a +0 quarterstaff
 e - a +0 blowgun
 o - a +0 dagger
Missiles
 b - 18 arrows (quivered)
 d - 8 poisoned needles
 h - 83 stones
Armour
 f - a +0 robe
 j - a +1 hat
 m - a +0 leather armour (melded)
 p - a cursed +0 ring mail
Comestibles
 g - a ration


   Skills:
 + Level 8.5 Fighting
 + Level 2.6 Short Blades
 + Level 1.0 Long Blades
 + Level 1.0 Axes
 + Level 1.0 Maces & Flails
 + Level 1.0 Polearms
 + Level 1.0 Staves
 + Level 1.0 Slings
 + Level 4.6 Bows
 + Level 1.0 Crossbows
 + Level 2.6 Throwing
 + Level 2.6 Armour
 + Level 1.0 Dodging
 + Level 1.0 Stealth
 + Level 2.6 Shields
 + Level 1.0 Unarmed Combat
 + Level 1.0 Spellcasting
 + Level 0.7 Conjurations
 + Level 0.7 Hexes
 + Level 0.7 Charms
 + Level 0.7 Summonings
 + Level 0.7 Necromancy
 + Level 0.7 Translocations
 + Level 0.7 Transmutations
 + Level 0.7 Fire Magic
 + Level 0.7 Ice Magic
 + Level 0.7 Air Magic
 + Level 0.7 Earth Magic
 + Level 0.7 Poison Magic
 + Level 1.0 Invocations
 + Level 1.0 Evocations


You had 5 spell levels left.
You didn't know any spells.

Dungeon Overview and Level Annotations

Branches:
Dungeon (2/15)

Altars:


Innate Abilities, Weirdness & Mutations

Your experience applies equally to all skills.
((You have very sharp teeth.))
Your uncanny sense of smell can sniff out nearby items.


Message History

You see here a stone.
Your magical contamination has completely faded away.
You see here a fizzy dark potion.
i - a fizzy dark potion The scorpion stings you.
* * * LOW HITPOINT WARNING * * *
You are more poisoned.
The scorpion poisons you!
It was a potion of lignification.
You turn into a tree.
Your +0 leather armour melds into your body.
Your roots penetrate the ground.
* * * LOW HITPOINT WARNING * * *
You feel sick.
The scorpion stings you but does no damage.
You are too injured to fight recklessly!
Firing (i - inventory. (/) - cycle)
b - 19 arrows (quivered)
Press: ? - help, Shift-Dir - straight line, f - scorpion
Aim: a scorpion (lightly wounded)
You shoot an arrow. The arrow barely misses the scorpion.
You die...

##### #### # ..#.......
#. #....#...##
.###...#_#...
..#.#..#..#
######.#.......####.
....................
....................
##.♣?..##.......
#.#s####..###### ...#.#
....#..
##########.#####..##.
#..w..####.......... ∆
#.###...........(..#
#.# #####....#####.##.#
#w#######.##..........#
#...(...(.(.......#####


You could see a scorpion.

Vanquished Creatures
  An ooze (D:1)
  2 dart slugs (D:1)
  3 leopard geckos
  5 giant cockroaches
  6 goblins
  5 hobgoblins
  3 jackals (D:1)
  A quokka (D:2)
  4 frilled lizards (D:1)
  6 kobolds
  8 rats (D:1)
44 creatures vanquished.

Notes
Turn   | Place    | Note
-------+----------+-------------------------------------------
     0 | D:1      | Arum the Gnoll Wanderer began the quest for the Orb.
     0 | D:1      | Arum set off with: a +2 shortbow, 19 arrows, a +0 quarterstaff, 8 poisoned needles, a +0 blowgun, a +0 robe, a ration
     0 | D:1      | Reached XP level 1. HP: 26/26 MP: 1/1
    67 | D:1      | Reached XP level 2. HP: 30/33 MP: 2/2
   295 | D:1      | Reached XP level 3. HP: 38/38 MP: 3/3
   511 | D:1      | Reached skill level 1 in Invocations
  1309 | D:2      | Reached skill level 1 in Long Blades
  1309 | D:2      | Reached skill level 1 in Axes
  1309 | D:2      | Reached skill level 1 in Maces & Flails
  1309 | D:2      | Reached skill level 1 in Polearms
  1309 | D:2      | Reached skill level 1 in Staves
  1309 | D:2      | Reached skill level 1 in Slings
  1309 | D:2      | Reached skill level 1 in Crossbows
  1309 | D:2      | Reached skill level 1 in Dodging
  1309 | D:2      | Reached skill level 1 in Stealth
  1309 | D:2      | Reached skill level 1 in Unarmed Combat
  1309 | D:2      | Reached skill level 1 in Spellcasting
  1309 | D:2      | Reached skill level 1 in Evocations
  1466 | D:2      | Found a faded altar of an unknown god.
  1473 | D:2      | Noticed a scorpion
  1489 | D:2      | Reached XP level 4. HP: 39/45 MP: 5/5
  1516 | D:2      | HP: 2/45 [scorpion (1)]
  1518 | D:2      | Succumbed to a scorpion's poison

Vault maps used:
D:1:      lightli_arrival_statue_moat, st_stairs_4, minivault_23
D:2:      chequers_ecumenical_altar_simple, minmay_misc_feat_five

Skill      XL: |  1  2  3 |
---------------+----------+-----
Invocations    | 1 |  1.0
Long Blades    | 1 |  1.0
Axes           | 1 |  1.0
Maces & Flails | 1 |  1.0
Polearms       | 1 |  1.0
Staves         | 1 |  1.0
Slings         | 1 |  1.0
Crossbows      | 1 |  1.0
Dodging        | 1 |  1.0
Stealth        | 1 |  1.0
Unarmed Combat | 1 |  1.0
Spellcasting   | 1 |  1.0
Evocations     | 1 |  1.0
Fighting       | |  8.5
Short Blades   | |  2.6
Bows           | |  4.6
Throwing       | |  2.6
Armour         | |  2.6
Shields        | |  2.6
Conjurations   | |  0.7
Hexes          | |  0.7
Charms         | |  0.7
Summonings     | |  0.7
Necromancy     | |  0.7
Translocations | |  0.7
Transmutations | |  0.7
Fire Magic     | |  0.7
Ice Magic      | |  0.7
Air Magic      | |  0.7
Earth Magic    | |  0.7
Poison Magic   | |  0.7

Action                   |  1- 3 |  4- 6 || total
-------------------------+-------+-------++-------
Melee: Quarterstaff      |    33 |       ||    33
       Bite              |    21 |     2 ||    23
       Dagger            |   152 |     8 ||   160
 Fire: Shortbow          |       |     1 ||     1
Throw: Stone             |    65 |       ||    65
  Use: Scroll            |     5 |       ||     5
       Potion            |       |     1 ||     1
  Eat: Chunk             |     2 |       ||     2
Armor: Robe              |     6 |       ||     6
       Leather armour    |    27 |     1 ||    28
       Skin              |       |     1 ||     1
Dodge: Dodged            |   116 |     2 ||   118

Table legend:
 A = Spawn XP
 B = Non-spawn XP
 C = Spawn XP percentage of total XP
 D = Spawn monster count
 E = Non-spawn monster count
 F = Spawn count percentage of total count
 G = Total turns spent on level
                    A         B        C        D         E        F      G
               +---------+---------+-------+---------+---------+-------+---------
         Total |       0 |      82 |   0.0 |       0 |      44 |   0.0 |  1518
               +---------+---------+-------+---------+---------+-------+---------
           D:1 |       0 |      65 |   0.0 |       0 |      36 |   0.0 |  1051
           D:2 |       0 |      17 |   0.0 |       0 |       8 |   0.0 |   467
               +---------+---------+-------+---------+---------+-------+---------
